 Dungeon Crawl Stone Soup version 0.23-a0-335-gba3dfdf (webtiles) character file.

735 Garbasso the Poker (level 7, -9/49 HPs)
             Began as an Octopode Fighter on Oct 17, 2018.
             Was an Initiate of Okawaru.
             Killed from afar by an orc wizard (13 damage)
             ... with a puff of flame
             ... on level 4 of the Dungeon.
             The game lasted 00:23:12 (5125 turns).

Garbasso the Poker (Octopode Fighter)               Turns: 5125, Time: 00:23:13

Health: -9/49      AC:  1    Str: 15    XL:     7   Next: 74%
Magic:  7/7        EV: 13    Int: 11    God:    Okawaru [......]
Gold:   217        SH: 10    Dex: 13    Spells: 6/6 levels left

rFire    . . .     SeeInvis .   a - +0 trident
rCold    . . .     Gourm    .   t - +1 shield
rNeg     . . .     Faith    .   (helmet restricted)
rPois    +         Spirit   .   (no amulet)
rElec    .         Reflect  .   n - ring of poison resistance
rCorr    .         Harm     .   p - ring of poison resistance
MR       .....                  (no ring)
Stlth    ++........             (no ring)
HPRegen  0.16/turn              (no ring)
MPRegen  0.10/turn              (no ring)
                                (no ring)
                                (no ring)

@: no status effects
A: almost no armour, stealthy swim, amphibious, 8 rings, constrict 8, camouflage
1, gelatinous body 1
a: Renounce Religion


You were on level 4 of the Dungeon.
You worshipped Okawaru.
Okawaru was noncommittal.
You were hungry.

You visited 1 branch of the dungeon, and saw 6 of its levels.
You also visited: Sewer.

You collected 320 gold pieces.
You spent 103 gold pieces at shops.

Inventory:

Hand Weapons
 a - a +0 trident (weapon)
 b - a +0 hunting sling
Missiles
 q - 69 sling bullets
 D - 3 tomahawks (quivered)
Armour
 t - a +1 shield (worn)
Jewellery
 l - a cursed amulet of rage {unknown}
 n - a ring of poison resistance (left tentacle)
 p - a ring of poison resistance (right tentacle)
Wands
 B - a wand of flame (23)
Scrolls
 e - 3 scrolls of magic mapping
 h - a scroll of fog
 j - a scroll of enchant armour
 m - 3 scrolls of remove curse
 z - a scroll of teleportation
 A - 5 scrolls of identify
Potions
 c - a potion of might
 f - a potion of magic
 g - 5 potions of curing
 i - a potion of brilliance {unknown}
 u - 2 potions of agility
 v - 2 potions of flight {unknown}
 C - a potion of heal wounds {unknown}
 E - a potion of ambrosia {unknown}
Comestibles
 d - 8 rations


   Skills:
 + Level 4.8 Fighting
 * Level 5.5 Polearms
 + Level 4.6 Dodging
 + Level 4.7 Shields


You had 6 spell levels left.
You didn't know any spells.
Your spell library was empty.

Dungeon Overview and Level Annotations

Branches:
Dungeon (6/15)
 Temple: D:4-7

Altars:
Fedhas
Okawaru
Qazlal

Shops:
D:4 }?%:*   D:5 (


Innate Abilities, Weirdness & Mutations

You cannot wear most types of armour.
You are very stealthy in the water. (Stealth+)
You are amphibious.
You can wear up to eight rings at the same time.
You can use your tentacles to constrict eight enemies at once.
Your skin changes colour to match your surroundings (Stealth+).
Your rubbery body absorbs attacks. (AC +1, EV +1)


Message History

The orc wizard gestures wildly while chanting.
The orc wizard blinks!
You hear some strange, mumbled words.
A puff of flame appears from out of thin air!
The puff of flame hits you!
The orc wizard hits you but does no damage.
A magic dart appears from out of thin air!
The magic dart hits you!
The orc wizard hits you with a +0 dagger.
A magic dart appears from out of thin air!
The magic dart hits you!
* * * LOW HITPOINT WARNING * * *
You feel less confused.
A magic dart appears from out of thin air!
The magic dart hits you!
* * * LOW HITPOINT WARNING * * *
The orc wizard hits you but does no damage.
The orc wizard points at you and mumbles some strange words.
The puff of flame hits you!
You die...

##..# ##..## ##..##
#..## #####..## #..#
#......# #..##
###...## #...#
#...## #..)###
#....######.....###
##.......##........#
#..@..........<...##
##....o........[.###
#......†o......(##
##.............##
#.............#
#.#...........(##
#####.....###(..#
#....## ###.##
##...# #..#


You could see 2 orc wizards.

Vanquished Creatures
  Purgy (Sewer)
  A bullfrog (D:3)
  A crimson imp (D:4)
  A hound (D:4)
  A jelly (D:4)
  2 orc wizards
  3 orc priests
  A bullfrog skeleton (D:4)
  An iguana (D:4)
  Ijyb (D:4)
  2 worker ants
  5 adders
  A river rat (D:3)
  A shadow imp (D:6)
  An ooze (D:3)
  3 worms
  8 leopard geckos
  12 orcs
  2 ball pythons (D:3)
  6 giant cockroaches
  10 hobgoblins
  6 jackals
  11 kobolds
  3 quokkas (D:2)
  A ball python skeleton (D:4)
  8 bats
  3 frilled lizards
  18 goblins
  A jackal skeleton (D:4)
  A leopard gecko skeleton (D:4)
  7 rats
123 creatures vanquished.

Notes
Turn   | Place    | Note
-------+----------+-------------------------------------------
     0 | D:1      | Garbasso the Octopode Fighter began the quest for the Orb.
     0 | D:1      | Reached XP level 1. HP: 16/16 MP: 1/1
   113 | D:1      | Reached XP level 2. HP: 19/21 MP: 2/2
   628 | D:1      | You fall through a shaft!
   645 | D:2      | Reached XP level 3. HP: 26/26 MP: 3/3
  1275 | D:2      | Reached skill level 3 in Polearms
  1405 | D:2      | Reached XP level 4. HP: 31/31 MP: 4/4
  1897 | D:3      | Reached XP level 5. HP: 36/36 MP: 5/5
  2071 | D:3      | Found a glowing drain.
  2075 | Sewer    | Entered a sewer
  2197 | Sewer    | Noticed Purgy
  2278 | Sewer    | Killed Purgy
  2278 | Sewer    | Reached skill level 4 in Polearms
  2278 | Sewer    | Reached XP level 6. HP: 43/43 MP: 6/6
  2585 | D:3      | You fall through a shaft for 3 floors!
  2637 | D:6      | Found a stormy altar of Qazlal.
  2810 | D:5      | Entered Level 5 of the Dungeon
  2810 | D:5      | Found Ciaqarodd's Weapon Shop.
  3259 | D:4      | Reached XP level 7. HP: 43/49 MP: 7/7
  3266 | D:4      | Found Bevakum's Gadget Shoppe.
  3301 | D:4      | Found Deromp's Magic Scroll Emporium.
  3306 | D:4      | Bought a scroll of teleportation for 39 gold pieces
  3306 | D:4      | Bought a scroll of identify for 26 gold pieces
  3320 | D:4      | Found Hann's Book Boutique.
  3638 | D:4      | Noticed Ijyb
  3651 | D:4      | Killed Ijyb
  3818 | D:4      | Reached skill level 5 in Polearms
  4063 | D:4      | Found Yvvoepla's Food Shoppe.
  4133 | D:4      | Found an iron altar of Okawaru.
  4149 | D:4      | Became a worshipper of Warmaster Okawaru
  4633 | D:2      | Found a blossoming altar of Fedhas.
  4728 | D:4      | Found Qetityaq's General Store.
  4736 | D:4      | Bought a scroll of magic mapping for 38 gold pieces
  5125 | D:4      | Killed from afar by an orc wizard

Vault maps used:
D:1:      lemuel_arrival_behind_the_door_large
D:2:      nicolae_overflow_hidden_temple
D:3:      first_ration, gup_sewer_entry_spiral, minmay_item_behind_shaft,
          kennysheep_generic_room_15
D:4:      kennysheep_goblin_castle, serial_shops, nicolae_shop_crystal,
          kennysheep_little_box, shop, shop, shop, okawaru_ov_weapons_minmay
D:5:      serial_shops, shop, kennysheep_decorative_pillar, uniq_eustachio
D:6:      nicolae_qazlal_style_of_elements
Sewer:    kennysheep_door_sewer

Skill      XL: |  1  2  3  4  5  6  7 |
---------------+----------------------+-----
Polearms       | 3 4 5 |  5.5
Shields        | 4 |  4.7
Fighting       | 4 |  4.8
Dodging        | 4 |  4.6

Action                   |  1- 3 |  4- 6 |  7- 9 || total
-------------------------+-------+-------+-------++-------
Melee: Trident           |    61 |   158 |    78 ||   297
       Constrict         |    16 |    20 |    19 ||    55
       Tentacles         |    11 |    15 |    12 ||    38
 Fire: Hunting sling     |       |    21 |    25 ||    46
Throw: Stone             |     9 |    30 |     1 ||    40
       Tomahawk          |       |       |     5 ||     5
Evoke: Wand              |       |       |     1 ||     1
  Use: Scroll            |       |     2 |    10 ||    12
 Stab: Sleeping          |     6 |     3 |     2 ||    11
  Eat: Chunk             |     2 |     6 |     5 ||    13
Armor: Skin              |     5 |     1 |     2 ||     8
Dodge: Dodged            |    16 |    31 |    22 ||    69
Block: Shield            |    13 |    22 |    23 ||    58

Table legend:
 A = Non-vault XP
 B = Vault XP
 C = Vault XP percentage of total XP
 D = Non-vault monster count
 E = Vault monster count
 F = Vault count percentage of total count
                 A         B        C        D         E       F
            +---------+---------+-------+---------+---------+-------
      Total |     816 |     234 |  22.3 |      98 |      25 |  20.3
            +---------+---------+-------+---------+---------+-------
        D:1 |      26 |       0 |   0.0 |      15 |       0 |   0.0
        D:2 |      89 |       0 |   0.0 |      25 |       0 |   0.0
        D:3 |     259 |      33 |  11.3 |      31 |       7 |  18.4
        D:4 |     425 |      57 |  11.8 |      25 |      12 |  32.4
        D:6 |      17 |       0 |   0.0 |       2 |       0 |   0.0
      Sewer |       0 |     144 | 100.0 |       0 |       6 | 100.0
            +---------+---------+-------+---------+---------+-------
